 Dungeon Crawl Stone Soup version 0.31-a0-408-gb642c7f9a3 (webtiles) character file.

Game seed: 15594634213805863273

4582 Gelion the Mimic (level 10, -7/71 HPs)
             Began as an Octopode Shapeshifter on July 29, 2023.
             Mangled by Gastronok (27 damage)
             ... on level 8 of the Dungeon.
             The game lasted 00:14:50 (6948 turns).

Gelion the Mimic (Octopode Shapeshifter)            Turns: 6948, Time: 00:14:51

Health: -7/71      AC:  1    Str: 15    XL:     10   Next: 41%
Magic:  10/10      EV: 19    Int: 11    God:
Gold:   535        SH:  5    Dex: 22    Spells: 9/9 levels left

rFire   . . .        n - +7 lajatang
rCold   . . .        (shield currently unavailable)
rNeg    . . .        (helmet currently unavailable)
rPois   .            s - amulet of reflection
rElec   .            d - +6 ring of dexterity
rCorr   .            l - +5 ring of evasion
SInv    .            h - ring of flight
Will    .....        (no ring)
Stlth   +++          (no ring)
HPRegen 0.31/turn    (no ring)
MPRegen 0.12/turn    (no ring)
                     (no ring)

%: reflection
@: beast-form, flying
A: beast (slay +6), almost no armour, amphibious, 8 rings, camouflage 1,
gelatinous body 1, (nimble swimmer 1), tentacles
a: Begin Untransformation


You were on level 8 of the Dungeon.
You were a hulking beast.
You visited 2 branches of the dungeon, and saw 9 of its levels.
You also visited: Sewer.

You collected 535 gold pieces.

Inventory:

Hand Weapons
 f - a +4 spectral dagger
 n - a +7 lajatang (weapon)
Jewellery
 d - a +6 ring of dexterity (left tentacle)
 h - a ring of flight (on tentacle)
 j - an amulet of magic regeneration
 l - a +5 ring of evasion (right tentacle)
 s - an amulet of reflection (around mantle)
 z - a ring of poison resistance
Talismans
 b - a beast talisman
Wands
 o - a wand of flame (27)
 w - a wand of paralysis (25)
 y - a wand of iceblast (7)
Scrolls
 g - a scroll of amnesia
 r - a scroll of immolation {unknown}
 u - 3 scrolls of enchant armour
 v - a scroll of teleportation
 x - a scroll of identify
Potions
 a - 2 potions of lignification
 c - 2 potions of haste
 e - a potion of brilliance
 i - a potion of ambrosia
 k - a potion of magic {unknown}
 m - 2 potions of mutation {unknown}
 p - 2 potions of curing
 q - a potion of berserk rage
 t - a potion of enlightenment
 A - a potion of might {unknown}


   Skills:
 + Level 7.5 Fighting
 - Level 2.0 Dodging
 + Level 8.1 Unarmed Combat
 * Level 9.4 Shapeshifting


You had 9 spell levels left.
You didn't know any spells.
Your spell library contained the following spells:

 Spells                   Type           Power      Damage    Failure   Level
 Magic Dart               Conj           0%         1d3       34%         1
 Summon Small Mammal      Summ           0%         N/A       34%         1
 Blink                    Tloc           0%         N/A       47%         2
 Call Imp                 Summ           0%         N/A       47%         2
 Lesser Beckoning         Tloc           0%         N/A       47%         2
 Momentum Strike          Conj/Tloc      0%         3d8       47%         2
 Call Canine Familiar     Summ           0%         N/A       71%         3
 Gell's Gravitas          Tloc           0%         N/A       71%         3
 Mephitic Cloud           Conj/Pois/Air  0%         N/A       71%         3
 Summon Guardian Golem    Hex/Summ       0%         N/A       71%         3
 Teleport Other           Tloc           0%         N/A       71%         3


Dungeon Overview and Level Annotations

Branches:
Dungeon (8/15)             Temple (1/1) D:6           Sewer (visited)
   Lair: D:8-11

Altars:
Ashenzari
Cheibriados
Dithmenos
Elyvilon
Fedhas
Hepliaklqana
Kikubaaqudgha
Makhleb
Nemelex Xobeh
Okawaru
Ru
Sif Muna
Trog
Uskayaw
Vehumet
Wu Jian
Xom
Yredelemnul
The Shining One

Annotations:
D:8 Gastronok


Innate Abilities, Weirdness & Mutations

You are a hulking beast.
Your limbs bulge with bestial killing power. (Slay +6)
You cannot wear most types of armour.
You are amphibious.
You can wear up to eight rings at the same time.
Your skin changes colour to match your surroundings (Stealth+).
Your rubbery body absorbs attacks. (AC +1, EV +1)
((You are camouflaged when in or above water. (Stealth+)))
You have tentacles for arms and can constrict up to eight enemies at once.


Message History

a +0 halberd; a +0 robe The helpless wight fails to defend itself.
You slash the wight! Your grab misses the wight.
The wight is heavily damaged.
The wight closely misses you.
You slice the wight!!
You destroy the wight!
You slash the wight! You grab the wight. You squeeze the wight.
You destroy the wight!
Things that are here:
a +0 great sword; a +0 robe
Things that are here:
a +0 morningstar; a +0 robe You now have 535 gold pieces (gained 17).
Gastronok the Ponderous comes into view.
He is wearing a +1 hat of see invisible.
Gastronok gurgles horribly!
Found a scroll labelled CAS LEFUOZUITS.
Found 13 gold pieces.
Gastronok bites you!!!
Ouch! That really hurt!
You are too injured to fight recklessly!
You are too injured to fight recklessly!
You slice Gastronok!!
Gastronok is lightly wounded.
You hit Gastronok. You squeeze Gastronok.
Gastronok is lightly wounded.
Gastronok casts a spell.
Gastronok puts on a burst of speed!
You hit Gastronok. You squeeze Gastronok!
Gastronok is moderately wounded.
Gastronok waves his eye-stalks in wide circles.
The air twists around and strikes you!
* * * LOW HITPOINT WARNING * * *
You barely miss Gastronok. You squeeze Gastronok.
Gastronok is moderately wounded.
You slash Gastronok!
Gastronok is moderately wounded.
Gastronok gurgles, "Slow down, so I can eat you."
Gastronok bites you!!
You die...

....###......## #
#...##...)...# #
#...##.>.)...##
##....##.......#
##.....##.......#
###....#..##......#
###......##..#).....#
#.........#..##.....#
#....h....##..##....#
##..w.....##...#....#
#.......?.#.......###
###.........###.....#
##........# #####.)
#$......## ###
#.......# # #.....###
..# #


You could see Gastronok (swift).

Vanquished Creatures
  The ghost of lunkers the Martial Artist, an amateur MeSh of Okawaru (D:5)
  Sigmund (D:2)
  4 yaks (D:6)
  Grum (D:8)
  2 water moccasins
  An orc warrior (D:7)
  Pargi (Sewer)
  2 sky beasts
  A black bear (D:5)
  2 ice beasts
  A centaur (D:6)
  4 ogres
  4 wolves (D:8)
  2 bullfrogs (D:7)
  A gnoll sergeant (D:7)
  7 wights
  2 scorpions
  A jelly (D:7)
  6 hounds
  5 orc priests
  Crazy Yiuf (D:3)
  Jessica (D:3)
  2 iguanas (D:5)
  Natasha (thrice) (D:3)
  Terence (D:3)
  11 orc wizards
  13 gnolls
  13 adders
  2 shadow imps
  2 white imps
  2 ufetubi (D:4)
  A worm (D:3)
  2 dart slugs (D:1)
  27 orcs
  7 ball pythons
  4 endoplasms
  4 giant cockroaches (D:2)
  6 goblins
  3 hobgoblins
  5 jackals (D:1)
  5 kobolds
  4 quokkas
  20 bats
  3 frilled lizards
  2 rats
193 creatures vanquished.

Notes
Turn   | Place    | Note
-------+----------+-------------------------------------------
     0 | D:1      | Gelion the Octopode Shapeshifter began the quest for the
                  | Orb.
     0 | D:1      | Reached XP level 1. HP: 13/13 MP: 1/1
   102 | D:1      | Reached XP level 2. HP: 18/18 MP: 2/2
   501 | D:1      | Reached XP level 3. HP: 19/23 MP: 3/3
   649 | D:1      | Found a faded altar of an unknown god.
   914 | D:2      | Noticed Sigmund
   923 | D:2      | Killed Sigmund
   924 | D:2      | Reached skill level 4 in Shapeshifting
   924 | D:2      | Reached XP level 4. HP: 30/30 MP: 4/4
   924 | D:2      | Reached XP level 5. HP: 36/36 MP: 5/5
   949 | D:2      | Reached XP level 6. HP: 41/41 MP: 6/6
  1479 | D:3      | Found an ancient bone altar of Kikubaaqudgha.
  1534 | D:3      | Noticed Terence
  1546 | D:3      | Killed Terence
  1608 | D:3      | Identified the +0 cloak of Udesuiv {rF- rC+ rN+ Str+4}
  1612 | D:3      | Noticed Jessica
  1617 | D:3      | Killed Jessica
  1889 | D:3      | Noticed Natasha
  1891 | D:3      | Found a hide-covered altar of Uskayaw.
  1891 | D:3      | Found a blossoming altar of Fedhas.
  1898 | D:3      | Killed Natasha
  2023 | D:3      | Found a runed translucent door.
  2024 | D:3      | Noticed Crazy Yiuf
  2030 | D:3      | Killed Crazy Yiuf
  2031 | D:3      | Reached skill level 5 in Shapeshifting
  2149 | D:3      | Noticed Natasha
  2157 | D:3      | Killed Natasha
  2158 | D:3      | Reached XP level 7. HP: 46/46 MP: 7/7
  2443 | D:3      | Noticed Natasha
  2451 | D:3      | Killed Natasha
  3229 | D:5      | Entered Level 5 of the Dungeon
  3309 | D:5      | Reached skill level 5 in Unarmed Combat
  3346 | D:5      | Reached skill level 6 in Shapeshifting
  3346 | D:5      | Reached XP level 8. HP: 52/54 MP: 8/8
  3484 | D:5      | HP: 2/54 [poisoned by a scorpion]
  3705 | D:5      | Found a hazy altar of Hepliaklqana.
  3921 | D:5      | Reached skill level 5 in Fighting
  3999 | D:5      | Found a runed translucent gate.
  4000 | D:5      | Found a runed translucent gate.
  4000 | D:5      | Identified the +1 ring mail of Action {Slay+3}
  4001 | D:5      | Found a runed translucent gate.
  4001 | D:5      | Noticed lunkers's ghost (amateur MeSh)
  4231 | D:5      | Reached skill level 7 in Shapeshifting
  4296 | D:5      | Killed lunkers's ghost
  4297 | D:5      | Reached XP level 9. HP: 52/61 MP: 9/9
  4589 | D:6      | Found a glowing golden altar of the Shining One.
  4592 | D:6      | Found a broken altar of Ashenzari.
  4654 | D:6      | Found a glowing drain.
  4757 | Sewer    | Entered a sewer
  4789 | Sewer    | Noticed Pargi
  4799 | Sewer    | Killed Pargi
  5211 | D:6      | Reached skill level 8 in Shapeshifting
  5451 | D:6      | Found a staircase to the Ecumenical Temple.
  5527 | Temple   | Entered the Ecumenical Temple
  5854 | D:7      | Reached XP level 10. HP: 67/69 MP: 10/10
  5902 | D:7      | Found a shimmering altar of Xom.
  6067 | D:7      | Found an ornate altar of the Wu Jian Council.
  6102 | D:7      | Reached skill level 9 in Shapeshifting
  6624 | D:8      | Found a sparkling altar of Nemelex Xobeh.
  6752 | D:8      | Noticed Grum
  6768 | D:8      | Killed Grum
  6939 | D:8      | Noticed Gastronok
  6948 | D:8      | Mangled by Gastronok

Illustrated notes

Levels and vault maps discovered:
D:1:      ldierk_walled_garden_2, layout_basic,
          hellmonk_ecumenical_altar_heavens_door, amcnicky_mini_corridor_feature
D:2:      layout_basic, uniq_sigmund
D:3:      layout_rooms, kiku_gazebo_garden_becter,
          chequers_temple_overflow_statue_of_worship,
          amcnicky_mini_rare_corridor_liquid, uniq_crazy_yiuf_cottage,
          uniq_natasha, uniq_terence, uniq_jessica
D:4:      layout_loops_ring
D:5:      layout_loops_cross, marbit_many_paths, biasface_ghost_orc_armoury
D:6:      layout_basic, mainiacjoe_overflow_big_doors, temple_hall,
          gup_sewer_entry_glass
D:7:      layout_loops_cross, xom_teletrap_fun, mainiacjoe_overflow_brackets
D:8:      layout_cave_pods, nemelex_xobeh_ov_fountains_minmay,
          nicolae_houndstooth_variations, uniq_grum, uniq_gastronok
Temple:   dpeg_chambers_temple

Skill      XL: |  1  2  3  4  5  6  7  8  9 10 |
---------------+-------------------------------+-----
Fighting       | 2 3 4 5 6 7 |  7.5
Unarmed Combat | 4 5 6 7 8 |  8.1
Shapeshifting  | 4 5 6 7 8 9 |  9.4
Dodging        | |  2.0

Action                     |  1- 3 |  4- 6 |  7- 9 | 10-12 || total
---------------------------+-------+-------+-------+-------++-------
  Melee: Dagger            |    55 |    53 |    93 |       ||   201
         Constrict         |    15 |    15 |    40 |    21 ||    91
         Tentacles         |    10 |    13 |    51 |    15 ||    89
         Unarmed           |     2 |       |       |       ||     2
         Punch             |     1 |     1 |    10 |     2 ||    14
         Lajatang          |       |       |    77 |    77 ||   154
    Use: Scroll            |     4 |       |    13 |       ||    17
         Potion            |       |       |     1 |       ||     1
   Stab: Sleeping          |     6 |     6 |    11 |     1 ||    24
 Armour: Skin              |     3 |     1 |     6 |     1 ||    11
  Dodge: Dodged            |    30 |    34 |   141 |    56 ||   261
  Block: Other             |       |       |    23 |    25 ||    48
         Reflection        |       |       |       |     2 ||     2

Table legend: (Time is in decaauts)
 A = Elapsed time spent in this place.
 B = Non-inter-level travel time spent in this place.
 C = Inter-level travel time spent in this place.
 D = Time resting spent in this place.
 E = Time spent auto-exploring this place.
 F = Levels seen in this place.
 G = Mean time per level.
                   A        B        C        D        E       F      G
               +--------+--------+--------+--------+--------+-----+--------+
         Total |   7004 |   6230 |    774 |     42 |   4955 |  10 |  700.4 |
       Dungeon |   6809 |   6126 |    683 |     42 |   4903 |   8 |  851.1 |
        Temple |     93 |      2 |     91 |      0 |      0 |   1 |   93.0 |
         Sewer |    101 |    101 |      0 |      0 |     52 |   1 |  101.0 |
               +--------+--------+--------+--------+--------+-----+--------+

Top non-repeatable levels by time:
     D:5: 1225 daAuts
     D:6: 1204 daAuts
     D:3: 1038 daAuts
     D:7: 816 daAuts
     D:1: 786 daAuts
     D:4: 732 daAuts
     D:2: 669 daAuts
     D:8: 336 daAuts
   Sewer: 101 daAuts
  Temple: 93 daAuts
